Login

Cunts vs Aces

Created - April 28, 2024 at 12:18

Goals
1 2 3 T
Cunts 1 1 1 3
Aces 0 0 0 0
Shots
1 2 3 T
Cunts 12 12 15 39
Aces 12 4 12 28

GoalsPenalties
1st period
1. Cunts , Luke Glendening 12 (Blake Wheeler 15, Jake McCabe 20) at 3:12
Lee Mack (MAL) for Interference (Minor) at 0:27
Erik Cernak (MAL) for High sticking (Minor) at 4:37
2nd period
2. Cunts , Andre Burakovsky 15 (Artemi Panarin 38, Bo Horvat 44) at 18:03
Luke Glendening (CUN) for Elbowing (Minor) at 13:16
3rd period
3. Cunts , Brock Boeser 15 (Gabriel Vilardi 17, Andrew Peeke 25) at 4:08
Tyler Myers (CUN) for Cross-checking (Minor) at 0:46
Bo Horvat (CUN) for Tripping (Minor) at 8:26
Thomas Chabot (MAL) for Hooking (Minor) at 11:55
Luke Glendening (CUN) for Diving (Minor) at 14:36
Dante Fabbro (MAL) for Hooking (Minor) at 17:27
Goalie Stats
Darcy Kuemper (CUN), 28 saves from 28 shots - (1.000), W, 37-31-7, 60:00 minutes
Carter Hart (MAL), 36 saves from 39 shots - (0.923), L, 26-38-9, 60:00 minutes
3 StarsOfficial
1 - Darcy Kuemper (CUN)
2 - Brock Boeser (CUN)
3 - Andre Burakovsky (CUN)
Referees : Unknown
Linesman : Unknown
Game Note
No Game Note
Finance
Level 1 -- Attendance: 4347 (72.45%) -- Ticket Income $434,700
Level 2 -- Attendance: 3786 (75.72%) -- Ticket Income $227,160
Level 3 -- Attendance: 1629 (81.45%) -- Ticket Income $57,015
Level 4 -- Attendance: 2812 (70.30%) -- Ticket Income $70,300
Luxury Box -- Attendance: 915 (91.50%) -- Ticket Income $183,000
Game was played at the Ikea Arena.
Total Attendance: 13489 (74.94%)
Total Ticket Income: $972,175
Other Income: $388,870
Total Income: $1,361,045



Team Name Goals Shots Shots Attemp Shots Blocked PIM HIT PP PK FO%
Cunts 3398498210 / 4 (0%)063%
Aces 02862158150 / 4 (0%)038%

Cunts
Player Name POS G A P +/- PIM HIT SHT SB MP PP MP PP SHT PK MP PK SHT FO% FOT
Andre BurakovskyLW/RW1011004020:594:3512:3200% 2
Andrew PeekeD0111002120:133:3923:5100% 0
Artemi PanarinLW0111018024:024:3525:35130% 20
Blake WheelerRW0111012015:080:0000:00067% 3
Bo HorvatC0111214022:194:3513:53083% 23
Brock BoeserRW1011006020:273:2101:5800% 0
Dylan DeMeloD0001010013:250:0000:1900% 0
Gabriel VilardiC/RW0111002018:293:2120:00077% 22
Jake McCabeD0111000214:420:0001:3600% 0
Jonathan DrouinLW/RW0001002017:020:0001:540100% 1
Justin HollD0001063119:114:1723:4600% 0
Keegan KolesarC/LW/RW0001032018:293:2100:0000% 4
Luke GlendeningC/RW1011431015:060:0000:00077% 13
Luke SchennD0001010319:573:3903:3500% 0
Oliver Ekman-LarssonD000000000:000:0000:0000% 0
Sean DurziD000000107:110:0000:0000% 0
Travis SanheimD000003027:110:0000:0000% 0
Tyler MyersD0001212018:094:1722:4500% 0
Aces
Player Name POS G A P +/- PIM HIT SHT SB MP PP MP PP SHT PK MP PK SHT FO% FOT
Anthony BeauvillierLW000-100009:420:0000:0000% 1
Arthur KaliyevLW/RW0000000012:530:0000:00026% 19
Carter VerhaegheC/LW/RW000-1023015:364:2120:03058% 19
Charlie CoyleC/RW000-1013015:334:2110:000100% 1
Clayton KellerLW/RW0000015021:373:3515:0907% 14
Dante FabbroD0000211216:070:0202:5000% 0
Erik CernakD000-1242421:573:4613:4600% 0
Jack HughesC/LW0000001021:043:3514:3600% 0
Jordan KyrouLW/RW000-1013019:145:1912:43175% 4
Lee MackD000-1214623:285:3643:2700% 0
Mikael BacklundC/RW000-1002010:490:0000:00050% 2
Nathan MacKinnonC000-100109:420:0000:0000% 0
Nick LeddyD0000001017:232:1801:4900% 0
Robby FabbriC/LW000-1030014:092:3700:43038% 16
Ross ColtonC/LW000-100109:420:0000:00056% 9
Ryan McDonaghD000-2000224:084:1004:0000% 0
Thomas ChabotD000-2211115:570:0000:0000% 0
Victor OlofssonLW/RW000-1000012:590:0002:3800% 3

Cunts

5 vs 5 Forward
Line #Left WingCenterRight WingPHYDFOFWanted %Time %Time Play
1Artemi PanarinBo HorvatAndre Burakovsky1223023%10:17
2Keegan KolesarGabriel VilardiBrock Boeser1222834%15:08
3Jonathan DrouinLuke GlendeningBlake Wheeler1222634%15:08
4Bo HorvatArtemi PanarinAndre Burakovsky122168%3:35
5 vs 5 Defense
Line #DefenseDefensePHYDFOFWanted %Time %Time Play
1Luke SchennAndrew Peeke1223029%12:43
2Justin HollTyler Myers1222825%11:08
3Jake McCabeDylan DeMelo1222630%13:06
4Travis SanheimSean Durzi1221616%7:11
Power Play Forward
Line #Left WingCenterRight WingPHYDFOFWanted %Time %Time Play
1Artemi PanarinBo HorvatAndre Burakovsky1225558%4:35
2Keegan KolesarGabriel VilardiBrock Boeser1224542%3:21
Power Play Defense
Line #DefenseDefensePHYDFOFWanted %Time %Time Play
1Luke SchennAndrew Peeke1225546%3:39
2Justin HollTyler Myers1224554%4:17
Penalty Kill 4 Players Forward
Line #CenterWingPHYDFOFWanted %Time %Time Play
1Artemi PanarinBo Horvat1225570%5:35
2Andre BurakovskyBrock Boeser1224530%2:21
Penalty Kill 4 Players Defense
Line #DefenseDefensePHYDFOFWanted %Time %Time Play
1Luke SchennAndrew Peeke1225549%3:51
2Justin HollTyler Myers1224551%4:05
Penalty Kill 3 Players
Line #WingPHYDFOFWanted %Time %Time PlayDefenseDefensePHYDFOFWanted %Time %Time Play
1Artemi Panarin122550%0:00 Luke SchennAndrew Peeke122550%0:00
2Bo Horvat122450%0:00 Justin HollTyler Myers122450%0:00
4 vs 4 Forward
Line #CenterWingPHYDFOFWanted %Time %Time Play
1Artemi PanarinBo Horvat122550%0:00
2Andre BurakovskyBrock Boeser122450%0:00
4 vs 4 Defense
Line #DefensePHYDFOFWanted %Time %Time Play
1Luke SchennAndrew Peeke122550%0:00
2Justin HollTyler Myers122450%0:00
Last Minutes Offensive
Left WingCenterRight WingDefenseDefense
Artemi PanarinBo HorvatAndre BurakovskyLuke SchennAndrew Peeke
Last Minutes Defensive
Left WingCenterRight WingDefenseDefense
Artemi PanarinBo HorvatAndre BurakovskyLuke SchennAndrew Peeke
Time
Total ForwardTotal DefenseLast Minutes OffensiveLast Minutes Defensive
60:00 60:00 0:000:00
Extra Forwards
Normal PowerPlayPenalty Kill
Blake Wheeler, Luke Glendening, Jonathan DrouinBlake Wheeler, Luke GlendeningJonathan Drouin
Extra Defensemen
Normal PowerPlayPenalty Kill
Oliver Ekman-Larsson, Jake McCabe, Dylan DeMeloOliver Ekman-Larsson, Jake McCabeDylan DeMelo
Penalty Shots
Artemi Panarin, Bo Horvat, Andre Burakovsky, Brock Boeser, Gabriel Vilardi
Goalie
Darcy Kuemper, Alex Nedeljkovic
Custom OT Lines Forwards
Artemi Panarin, Bo Horvat, Andre Burakovsky, Brock Boeser, Gabriel Vilardi, Blake Wheeler, Luke Glendening, Keegan Kolesar, Jonathan Drouin,
Custom OT Lines Defensemen
Luke Schenn, Andrew Peeke, Justin Holl, Tyler Myers, Jake McCabe
Scratches
Rod Tapper (Healthy), Alex Newhook (Healthy), Guillaume Brisebois (Healthy)

Aces

5 vs 5 Forward
Line #Left WingCenterRight WingPHYDFOFWanted %Time %Time Play
1Jack HughesArthur KaliyevClayton Keller1223029%12:53
2Jordan KyrouCarter VerhaegheCharlie Coyle1222825%11:12
3Victor OlofssonRobby FabbriMikael Backlund1222623%10:21
4Anthony BeauvillierRoss ColtonNathan MacKinnon1221622%9:42
5 vs 5 Defense
Line #DefenseDefensePHYDFOFWanted %Time %Time Play
1Lee MackErik Cernak1223024%10:35
2Ryan McDonaghThomas Chabot1222836%15:58
3Nick LeddyDante Fabbro1222631%13:44
4Lee MackErik Cernak122169%3:51
Power Play Forward
Line #Left WingCenterRight WingPHYDFOFWanted %Time %Time Play
1Jack HughesJordan KyrouClayton Keller1225545%3:35
2Jordan KyrouCarter VerhaegheCharlie Coyle1224555%4:21
Power Play Defense
Line #DefenseDefensePHYDFOFWanted %Time %Time Play
1Lee MackErik Cernak1225547%3:46
2Ryan McDonaghLee Mack1224553%4:10
Penalty Kill 4 Players Forward
Line #CenterWingPHYDFOFWanted %Time %Time Play
1Clayton KellerJack Hughes1225566%5:13
2Clayton KellerJordan Kyrou1224534%2:43
Penalty Kill 4 Players Defense
Line #DefenseDefensePHYDFOFWanted %Time %Time Play
1Lee MackErik Cernak1225558%4:37
2Ryan McDonaghErik Cernak1224542%3:19
Penalty Kill 3 Players
Line #WingPHYDFOFWanted %Time %Time PlayDefenseDefensePHYDFOFWanted %Time %Time Play
1Jack Hughes122550%0:00 Lee MackErik Cernak122550%0:00
2Jack Hughes122450%0:00 Ryan McDonaghErik Cernak122450%0:00
4 vs 4 Forward
Line #CenterWingPHYDFOFWanted %Time %Time Play
1Clayton KellerJack Hughes122550%0:00
2Clayton KellerJordan Kyrou122450%0:00
4 vs 4 Defense
Line #DefensePHYDFOFWanted %Time %Time Play
1Lee MackErik Cernak122550%0:00
2Ryan McDonaghLee Mack122450%0:00
Last Minutes Offensive
Left WingCenterRight WingDefenseDefense
Jack HughesArthur KaliyevClayton KellerLee MackErik Cernak
Last Minutes Defensive
Left WingCenterRight WingDefenseDefense
Jack HughesArthur KaliyevClayton KellerLee MackErik Cernak
Time
Total ForwardTotal DefenseLast Minutes OffensiveLast Minutes Defensive
60:00 60:00 0:000:00
Extra Forwards
Normal PowerPlayPenalty Kill
Jack Hughes, Robby Fabbri, Victor OlofssonClayton Keller, Robby FabbriVictor Olofsson
Extra Defensemen
Normal PowerPlayPenalty Kill
Nick Leddy, Dante Fabbro, Ryan McDonaghNick Leddy, Dante FabbroRyan McDonagh
Penalty Shots
Robby Fabbri, Jack Hughes, Clayton Keller, Jordan Kyrou, Carter Verhaeghe
Goalie
Carter Hart, Philipp Grubauer
Custom OT Lines Forwards
Arthur Kaliyev, Jack Hughes, Clayton Keller, Jordan Kyrou, Carter Verhaeghe, Charlie Coyle, Robby Fabbri, Victor Olofsson, Mikael Backlund, Anthony Beauvillier
Custom OT Lines Defensemen
Lee Mack, Erik Cernak, Ryan McDonagh, Dante Fabbro, Nick Leddy
Scratches
Paul Stastny (Healthy), Chris Driedger (Healthy)


Play-by-Play

1st period


0:01 of 1st period - Bo Horvat wins face-off versus Arthur Kaliyev in neutral zone.
0:16 of 1st period - Shot by Andre Burakovsky.
0:16 of 1st period - Shot Misses the Net.
0:18 of 1st period - Shot by Bo Horvat.
0:18 of 1st period - Shot Blocked by Erik Cernak.
0:27 of 1st period - Minor Penalty to Lee Mack for Interference.
0:28 of 1st period - Gabriel Vilardi wins face-off versus Clayton Keller in Aces zone.
0:29 of 1st period - Shot by Brock Boeser.
0:29 of 1st period - Shot Misses the Net.
0:31 of 1st period - Shot by Gabriel Vilardi.
0:31 of 1st period - Stopped by Carter Hart without a rebound.
0:32 of 1st period - Gabriel Vilardi wins face-off versus Clayton Keller in Aces zone.
0:43 of 1st period - Shot by Justin Holl.
0:43 of 1st period - Shot Misses the Net.
0:45 of 1st period - Shot by Tyler Myers.
0:45 of 1st period - Shot Misses the Net.
0:47 of 1st period - Shot by Tyler Myers.
0:47 of 1st period - Stopped by Carter Hart without a rebound.
0:48 of 1st period - Bo Horvat wins face-off versus Clayton Keller in Aces zone.
1:28 of 1st period - Icing by Bo Horvat.
1:29 of 1st period - Bo Horvat wins face-off versus Clayton Keller in Cunts zone.
1:34 of 1st period - Clayton Keller is hit by Bo Horvat and loses puck.
2:28 of 1st period - Shot by Jonathan Drouin.
2:28 of 1st period - Stopped by Carter Hart without a rebound.
2:29 of 1st period - Blake Wheeler wins face-off versus Ross Colton in Aces zone.
2:34 of 1st period - Shot by Jonathan Drouin.
2:34 of 1st period - Stopped by Carter Hart without a rebound.
2:35 of 1st period - Luke Glendening wins face-off versus Carter Verhaeghe in Aces zone.
2:55 of 1st period - Shot by Luke Glendening.
2:55 of 1st period - Shot Misses the Net.
3:12 of 1st period - Shot by Luke Glendening.
3:12 of 1st period - Goal by Luke Glendening - Cunts : 1 - Aces : 0.
3:13 of 1st period - Artemi Panarin wins face-off versus Victor Olofsson in neutral zone.
3:36 of 1st period - Shot by Artemi Panarin.
3:36 of 1st period - Stopped by Carter Hart with a rebound.
3:45 of 1st period - Shot by Dante Fabbro.
3:45 of 1st period - Stopped by Darcy Kuemper without a rebound.
3:46 of 1st period - Gabriel Vilardi wins face-off versus Arthur Kaliyev in Cunts zone.
4:00 of 1st period - Icing by Andrew Peeke.
4:01 of 1st period - Ross Colton wins face-off versus Gabriel Vilardi in Cunts zone.
4:19 of 1st period - Icing by Brock Boeser.
4:20 of 1st period - Gabriel Vilardi wins face-off versus Arthur Kaliyev in Cunts zone.
4:25 of 1st period - Clayton Keller is hit by Keegan Kolesar and loses puck.
4:36 of 1st period - Shot by Brock Boeser.
4:36 of 1st period - Shot Misses the Net.
4:37 of 1st period - Minor Penalty to Erik Cernak for High sticking.
4:38 of 1st period - Bo Horvat wins face-off versus Clayton Keller in Aces zone.
5:38 of 1st period - Shot by Brock Boeser.
5:38 of 1st period - Deflect By Gabriel Vilardi.
5:38 of 1st period - Shot Misses the Net.
5:40 of 1st period - Shot by Keegan Kolesar.
5:40 of 1st period - Shot Blocked by Lee Mack.
5:51 of 1st period - Shot by Gabriel Vilardi.
5:51 of 1st period - Shot Misses the Net.
5:55 of 1st period - Shot by Gabriel Vilardi.
5:55 of 1st period - Shot Blocked by Lee Mack.
6:25 of 1st period - Shot by Jordan Kyrou.
6:25 of 1st period - Shot Misses the Net.
6:29 of 1st period - Shot by Jordan Kyrou.
6:29 of 1st period - Stopped by Darcy Kuemper without a rebound.
6:30 of 1st period - Gabriel Vilardi wins face-off versus Victor Olofsson in Cunts zone.
6:44 of 1st period - Anthony Beauvillier is hit by Travis Sanheim.
7:37 of 1st period - Shot by Gabriel Vilardi.
7:37 of 1st period - Shot Misses the Net.
7:43 of 1st period - Shot by Brock Boeser.
7:43 of 1st period - Stopped by Carter Hart without a rebound.
7:44 of 1st period - Bo Horvat wins face-off versus Carter Verhaeghe in Aces zone.
7:59 of 1st period - Shot by Jordan Kyrou.
7:59 of 1st period - Stopped by Darcy Kuemper without a rebound.
8:00 of 1st period - Luke Glendening wins face-off versus Robby Fabbri in Cunts zone.
8:31 of 1st period - Shot by Mikael Backlund.
8:31 of 1st period - Stopped by Darcy Kuemper with a rebound.
9:11 of 1st period - Shot by Jack Hughes.
9:11 of 1st period - Deflect By Clayton Keller.
9:11 of 1st period - Stopped by Darcy Kuemper without a rebound.
9:12 of 1st period - Bo Horvat wins face-off versus Carter Verhaeghe in Cunts zone.
9:38 of 1st period - Shot by Andre Burakovsky.
9:38 of 1st period - Shot Misses the Net.
9:40 of 1st period - Shot by Andre Burakovsky.
9:40 of 1st period - Stopped by Carter Hart without a rebound.
9:41 of 1st period - Gabriel Vilardi wins face-off versus Arthur Kaliyev in Aces zone.
10:02 of 1st period - Shot by Clayton Keller.
10:02 of 1st period - Shot Misses the Net.
10:04 of 1st period - Shot by Clayton Keller.
10:04 of 1st period - Stopped by Darcy Kuemper without a rebound.
10:05 of 1st period - Robby Fabbri wins face-off versus Bo Horvat in Cunts zone.
10:05 of 1st period - Robby Fabbri is hit by Travis Sanheim.
10:13 of 1st period - Shot by Mikael Backlund.
10:13 of 1st period - Stopped by Darcy Kuemper without a rebound.
10:14 of 1st period - Bo Horvat wins face-off versus Carter Verhaeghe in Cunts zone.
10:14 of 1st period - Bo Horvat is hit by Charlie Coyle.
10:24 of 1st period - Shot by Thomas Chabot.
10:24 of 1st period - Stopped by Darcy Kuemper without a rebound.
10:25 of 1st period - Gabriel Vilardi wins face-off versus Arthur Kaliyev in Cunts zone.
10:38 of 1st period - Off-side.
10:39 of 1st period - Carter Verhaeghe wins face-off versus Bo Horvat in neutral zone.
11:03 of 1st period - Shot by Charlie Coyle.
11:03 of 1st period - Shot Misses the Net.
11:19 of 1st period - Shot by Jordan Kyrou.
11:19 of 1st period - Shot Blocked by Luke Schenn.
11:34 of 1st period - Icing by Clayton Keller.
11:35 of 1st period - Gabriel Vilardi wins face-off versus Clayton Keller in Aces zone.
11:40 of 1st period - Shot by Tyler Myers.
11:40 of 1st period - Shot Blocked by Lee Mack.
11:42 of 1st period - Shot by Justin Holl.
11:42 of 1st period - Shot Misses the Net.
11:48 of 1st period - Shot by Brock Boeser.
11:48 of 1st period - Shot Blocked by Lee Mack.
11:50 of 1st period - Shot by Justin Holl.
11:50 of 1st period - Stopped by Carter Hart without a rebound.
11:51 of 1st period - Luke Glendening wins face-off versus Robby Fabbri in Aces zone.
11:56 of 1st period - Shot by Blake Wheeler.
11:56 of 1st period - Stopped by Carter Hart without a rebound.
11:57 of 1st period - Gabriel Vilardi wins face-off versus Robby Fabbri in Aces zone.
12:10 of 1st period - Shot by Brock Boeser.
12:10 of 1st period - Stopped by Carter Hart without a rebound.
12:11 of 1st period - Blake Wheeler wins face-off versus Arthur Kaliyev in Aces zone.
12:49 of 1st period - Shot by Arthur Kaliyev.
12:49 of 1st period - Shot Misses the Net.
13:10 of 1st period - Robby Fabbri is hit by Justin Holl and loses puck.
13:56 of 1st period - Shot by Carter Verhaeghe.
13:56 of 1st period - Stopped by Darcy Kuemper without a rebound.
13:57 of 1st period - Gabriel Vilardi wins face-off versus Ross Colton in Cunts zone.
14:35 of 1st period - Icing by Nick Leddy.
14:36 of 1st period - Ross Colton wins face-off versus Artemi Panarin in Aces zone.
15:12 of 1st period - Icing by Dante Fabbro.
15:13 of 1st period - Gabriel Vilardi wins face-off versus Anthony Beauvillier in Aces zone.
15:36 of 1st period - Icing by Jake McCabe.
15:37 of 1st period - Carter Verhaeghe wins face-off versus Gabriel Vilardi in Cunts zone.
15:52 of 1st period - Shot by Charlie Coyle.
15:52 of 1st period - Stopped by Darcy Kuemper without a rebound.
15:53 of 1st period - Arthur Kaliyev wins face-off versus Bo Horvat in Cunts zone.
16:18 of 1st period - Shot by Artemi Panarin.
16:18 of 1st period - Stopped by Carter Hart without a rebound.
16:19 of 1st period - Luke Glendening wins face-off versus Carter Verhaeghe in Aces zone.
16:47 of 1st period - Icing by Travis Sanheim.
16:48 of 1st period - Luke Glendening wins face-off versus Robby Fabbri in Cunts zone.
16:48 of 1st period - Luke Glendening is hit by Robby Fabbri.
17:40 of 1st period - Shot by Clayton Keller.
17:40 of 1st period - Stopped by Darcy Kuemper with a rebound.
17:48 of 1st period - Shot by Arthur Kaliyev.
17:48 of 1st period - Shot Misses the Net.
18:00 of 1st period - Shot by Arthur Kaliyev.
18:00 of 1st period - Shot Misses the Net.
18:40 of 1st period - Shot by Charlie Coyle.
18:40 of 1st period - Stopped by Darcy Kuemper with a rebound.
19:42 of 1st period - Shot by Anthony Beauvillier.
19:42 of 1st period - Shot Hit the Post.
Goals for this period are 1 for Cunts vs 0 for Aces.
Shots for this period are 12 for Cunts vs 12 for Aces.

2nd period


0:01 of 2nd period - Robby Fabbri wins face-off versus Artemi Panarin in neutral zone.
0:13 of 2nd period - Icing by Andre Burakovsky.
0:14 of 2nd period - Artemi Panarin wins face-off versus Arthur Kaliyev in Cunts zone.
1:07 of 2nd period - Icing by Andrew Peeke.
1:08 of 2nd period - Robby Fabbri wins face-off versus Keegan Kolesar in Cunts zone.
2:21 of 2nd period - Shot by Luke Glendening.
2:21 of 2nd period - Shot Misses the Net.
3:07 of 2nd period - Shot by Andre Burakovsky.
3:07 of 2nd period - Shot Blocked by Dante Fabbro.
3:49 of 2nd period - Shot by Keegan Kolesar.
3:49 of 2nd period - Shot Misses the Net.
3:51 of 2nd period - Shot by Keegan Kolesar.
3:51 of 2nd period - Stopped by Carter Hart without a rebound.
3:52 of 2nd period - Arthur Kaliyev wins face-off versus Luke Glendening in Aces zone.
3:52 of 2nd period - Clayton Keller is hit by Luke Glendening and loses puck.
3:58 of 2nd period - Off-side.
3:59 of 2nd period - Luke Glendening wins face-off versus Arthur Kaliyev in neutral zone.
4:58 of 2nd period - Ryan McDonagh is hit by Luke Glendening and loses puck.
5:29 of 2nd period - Shot by Artemi Panarin.
5:29 of 2nd period - Stopped by Carter Hart without a rebound.
5:30 of 2nd period - Gabriel Vilardi wins face-off versus Ross Colton in Aces zone.
5:33 of 2nd period - Shot by Brock Boeser.
5:33 of 2nd period - Stopped by Carter Hart without a rebound.
5:34 of 2nd period - Ross Colton wins face-off versus Gabriel Vilardi in Aces zone.
5:42 of 2nd period - Lee Mack is hit by Justin Holl and loses puck.
5:58 of 2nd period - Off-side.
5:59 of 2nd period - Arthur Kaliyev wins face-off versus Artemi Panarin in neutral zone.
6:47 of 2nd period - Icing by Ryan McDonagh.
6:48 of 2nd period - Arthur Kaliyev wins face-off versus Keegan Kolesar in Aces zone.
6:48 of 2nd period - Arthur Kaliyev is hit by Keegan Kolesar.
7:13 of 2nd period - Shot by Gabriel Vilardi.
7:13 of 2nd period - Shot Misses the Net.
7:15 of 2nd period - Shot by Justin Holl.
7:15 of 2nd period - Shot Misses the Net.
7:25 of 2nd period - Shot by Brock Boeser.
7:25 of 2nd period - Shot Misses the Net.
7:27 of 2nd period - Shot by Justin Holl.
7:27 of 2nd period - Shot Blocked by Thomas Chabot.
7:34 of 2nd period - Icing by Ryan McDonagh.
7:35 of 2nd period - Luke Glendening wins face-off versus Arthur Kaliyev in Aces zone.
7:50 of 2nd period - Shot by Sean Durzi.
7:50 of 2nd period - Stopped by Carter Hart with a rebound.
8:34 of 2nd period - Shot by Artemi Panarin.
8:34 of 2nd period - Shot Blocked by Ryan McDonagh.
8:36 of 2nd period - Shot by Andre Burakovsky.
8:36 of 2nd period - Shot Blocked by Ryan McDonagh.
8:50 of 2nd period - Shot by Bo Horvat.
8:50 of 2nd period - Shot Misses the Net.
9:00 of 2nd period - Shot by Bo Horvat.
9:00 of 2nd period - Stopped by Carter Hart with a rebound.
9:19 of 2nd period - Andrew Peeke is hit by Erik Cernak and loses puck.
9:22 of 2nd period - Shot by Brock Boeser.
9:22 of 2nd period - Shot Misses the Net.
9:24 of 2nd period - Shot by Keegan Kolesar.
9:24 of 2nd period - Shot Misses the Net.
9:26 of 2nd period - Shot by Keegan Kolesar.
9:26 of 2nd period - Stopped by Carter Hart with a rebound.
9:40 of 2nd period - Shot by Brock Boeser.
9:40 of 2nd period - Stopped by Carter Hart without a rebound.
9:41 of 2nd period - Carter Verhaeghe wins face-off versus Blake Wheeler in Aces zone.
9:41 of 2nd period - Carter Verhaeghe is hit by Luke Glendening.
9:47 of 2nd period - Justin Holl is hit by Carter Verhaeghe and loses puck.
10:06 of 2nd period - Shot by Charlie Coyle.
10:06 of 2nd period - Shot Misses the Net.
10:29 of 2nd period - Icing by Dante Fabbro.
10:30 of 2nd period - Carter Verhaeghe wins face-off versus Artemi Panarin in Aces zone.
10:51 of 2nd period - Shot by Robby Fabbri.
10:51 of 2nd period - Shot Misses the Net.
11:03 of 2nd period - Shot by Mikael Backlund.
11:03 of 2nd period - Shot Blocked by Jake McCabe.
11:41 of 2nd period - Shot by Gabriel Vilardi.
11:41 of 2nd period - Shot Misses the Net.
12:01 of 2nd period - Shot by Nathan MacKinnon.
12:01 of 2nd period - Deflect By Ross Colton.
12:01 of 2nd period - Shot Misses the Net.
12:44 of 2nd period - Keegan Kolesar is hit by Robby Fabbri and loses puck.
13:07 of 2nd period - Shot by Nathan MacKinnon.
13:07 of 2nd period - Deflect By Ross Colton.
13:07 of 2nd period - Stopped by Darcy Kuemper without a rebound.
13:08 of 2nd period - Luke Glendening wins face-off versus Robby Fabbri in Cunts zone.
13:14 of 2nd period - Nick Leddy is hit by Blake Wheeler and loses puck.
13:16 of 2nd period - Minor Penalty to Luke Glendening for Elbowing.
13:17 of 2nd period - Carter Verhaeghe wins face-off versus Artemi Panarin in Cunts zone.
14:41 of 2nd period - Shot by Artemi Panarin.
14:41 of 2nd period - Stopped by Carter Hart without a rebound.
14:42 of 2nd period - Jonathan Drouin wins face-off versus Robby Fabbri in Aces zone.
14:57 of 2nd period - Shot by Erik Cernak.
14:57 of 2nd period - Stopped by Darcy Kuemper without a rebound.
14:58 of 2nd period - Robby Fabbri wins face-off versus Artemi Panarin in Cunts zone.
15:40 of 2nd period - Shot by Anthony Beauvillier.
15:40 of 2nd period - Shot Misses the Net.
15:42 of 2nd period - Shot by Nick Leddy.
15:42 of 2nd period - Stopped by Darcy Kuemper without a rebound.
15:43 of 2nd period - Arthur Kaliyev wins face-off versus Gabriel Vilardi in Cunts zone.
15:43 of 2nd period - Arthur Kaliyev is hit by Travis Sanheim.
15:55 of 2nd period - Shot by Clayton Keller.
15:55 of 2nd period - Stopped by Darcy Kuemper without a rebound.
15:56 of 2nd period - Mikael Backlund wins face-off versus Luke Glendening in Cunts zone.
15:56 of 2nd period - Mikael Backlund is hit by Justin Holl.
16:46 of 2nd period - Shot by Andre Burakovsky.
16:46 of 2nd period - Shot Misses the Net.
16:48 of 2nd period - Shot by Artemi Panarin.
16:48 of 2nd period - Stopped by Carter Hart without a rebound.
16:49 of 2nd period - Carter Verhaeghe wins face-off versus Gabriel Vilardi in Aces zone.
16:49 of 2nd period - Carter Verhaeghe is hit by Keegan Kolesar.
16:57 of 2nd period - Shot by Gabriel Vilardi.
16:57 of 2nd period - Shot Misses the Net.
16:59 of 2nd period - Shot by Jake McCabe.
16:59 of 2nd period - Shot Misses the Net.
17:05 of 2nd period - Shot by Brock Boeser.
17:05 of 2nd period - Shot Blocked by Erik Cernak.
17:26 of 2nd period - Icing by Erik Cernak.
17:27 of 2nd period - Bo Horvat wins face-off versus Carter Verhaeghe in Aces zone.
17:30 of 2nd period - Shot by Andre Burakovsky.
17:30 of 2nd period - Stopped by Carter Hart without a rebound.
17:31 of 2nd period - Bo Horvat wins face-off versus Arthur Kaliyev in Aces zone.
17:32 of 2nd period - Shot by Artemi Panarin.
17:32 of 2nd period - Shot Blocked by Dante Fabbro.
17:51 of 2nd period - Icing by Tyler Myers.
17:52 of 2nd period - Ross Colton wins face-off versus Bo Horvat in Cunts zone.
18:03 of 2nd period - Shot by Andre Burakovsky.
18:03 of 2nd period - Goal by Andre Burakovsky - Cunts : 2 - Aces : 0.
18:04 of 2nd period - Luke Glendening wins face-off versus Robby Fabbri in neutral zone.
18:32 of 2nd period - Icing by Andrew Peeke.
18:33 of 2nd period - Luke Glendening wins face-off versus Carter Verhaeghe in Cunts zone.
18:33 of 2nd period - Luke Glendening is hit by Erik Cernak.
18:47 of 2nd period - Shot by Luke Glendening.
18:47 of 2nd period - Shot Misses the Net.
18:49 of 2nd period - Shot by Luke Glendening.
18:49 of 2nd period - Shot Misses the Net.
19:02 of 2nd period - Lee Mack is hit by Tyler Myers and loses puck.
19:11 of 2nd period - Shot by Bo Horvat.
19:11 of 2nd period - Stopped by Carter Hart without a rebound.
19:12 of 2nd period - Gabriel Vilardi wins face-off versus Robby Fabbri in Aces zone.
19:15 of 2nd period - Shot by Brock Boeser.
19:15 of 2nd period - Shot Misses the Net.
19:32 of 2nd period - Shot by Mikael Backlund.
19:32 of 2nd period - Shot Blocked by Travis Sanheim.
19:34 of 2nd period - Shot by Robby Fabbri.
19:34 of 2nd period - Shot Misses the Net.
19:36 of 2nd period - Shot by Ryan McDonagh.
19:36 of 2nd period - Shot Misses the Net.
Goals for this period are 1 for Cunts vs 0 for Aces.
Shots for this period are 12 for Cunts vs 4 for Aces.

3rd period


0:01 of 3rd period - Bo Horvat wins face-off versus Carter Verhaeghe in neutral zone.
0:03 of 3rd period - Artemi Panarin is hit by Lee Mack and loses puck.
0:22 of 3rd period - Charlie Coyle is hit by Artemi Panarin and loses puck.
0:28 of 3rd period - Lee Mack is hit by Justin Holl and loses puck.
0:32 of 3rd period - Charlie Coyle is hit by Justin Holl and loses puck.
0:35 of 3rd period - Shot by Carter Verhaeghe.
0:35 of 3rd period - Shot Hit the Post.
0:37 of 3rd period - Shot by Lee Mack.
0:37 of 3rd period - Shot Blocked by Justin Holl.
0:39 of 3rd period - Shot by Erik Cernak.
0:39 of 3rd period - Shot Misses the Net.
0:46 of 3rd period - Minor Penalty to Tyler Myers for Cross-checking.
0:47 of 3rd period - Artemi Panarin wins face-off versus Jordan Kyrou in Cunts zone.
1:04 of 3rd period - Shot by Jack Hughes.
1:04 of 3rd period - Shot Misses the Net.
1:06 of 3rd period - Shot by Jack Hughes.
1:06 of 3rd period - Shot Misses the Net.
1:08 of 3rd period - Shot by Ryan McDonagh.
1:08 of 3rd period - Shot Blocked by Luke Schenn.
1:10 of 3rd period - Shot by Lee Mack.
1:10 of 3rd period - Stopped by Darcy Kuemper with a rebound.
1:12 of 3rd period - Shot by Ryan McDonagh.
1:12 of 3rd period - Shot Misses the Net.
1:32 of 3rd period - Shot by Charlie Coyle.
1:32 of 3rd period - Stopped by Darcy Kuemper without a rebound.
1:33 of 3rd period - Artemi Panarin wins face-off versus Robby Fabbri in Cunts zone.
1:41 of 3rd period - Icing by Clayton Keller.
1:42 of 3rd period - Artemi Panarin wins face-off versus Robby Fabbri in Aces zone.
2:58 of 3rd period - Shot by Anthony Beauvillier.
2:58 of 3rd period - Deflect By Nathan MacKinnon.
2:58 of 3rd period - Stopped by Darcy Kuemper with a rebound.
3:00 of 3rd period - Shot by Anthony Beauvillier.
3:00 of 3rd period - Shot Blocked by Travis Sanheim.
4:08 of 3rd period - Shot by Brock Boeser.
4:08 of 3rd period - Goal by Brock Boeser - Cunts : 3 - Aces : 0.
4:09 of 3rd period - Bo Horvat wins face-off versus Arthur Kaliyev in neutral zone.
5:05 of 3rd period - Shot by Gabriel Vilardi.
5:05 of 3rd period - Shot Blocked by Erik Cernak.
5:48 of 3rd period - Thomas Chabot is hit by Luke Schenn and loses puck.
6:09 of 3rd period - Luke Glendening is hit by Jordan Kyrou and loses puck.
6:16 of 3rd period - Shot by Jordan Kyrou.
6:16 of 3rd period - Shot Misses the Net.
6:18 of 3rd period - Shot by Charlie Coyle.
6:18 of 3rd period - Shot Blocked by Andrew Peeke.
6:52 of 3rd period - Shot by Bo Horvat.
6:52 of 3rd period - Stopped by Carter Hart without a rebound.
6:53 of 3rd period - Bo Horvat wins face-off versus Ross Colton in Aces zone.
7:06 of 3rd period - Shot by Andre Burakovsky.
7:06 of 3rd period - Shot Misses the Net.
7:18 of 3rd period - Shot by Artemi Panarin.
7:18 of 3rd period - Stopped by Carter Hart without a rebound.
7:19 of 3rd period - Robby Fabbri wins face-off versus Keegan Kolesar in Aces zone.
7:24 of 3rd period - Jake McCabe is hit by Robby Fabbri and loses puck.
7:42 of 3rd period - Icing by Lee Mack.
7:43 of 3rd period - Artemi Panarin wins face-off versus Mikael Backlund in Aces zone.
7:43 of 3rd period - Tyler Myers is hit by Erik Cernak and loses puck.
7:58 of 3rd period - Shot by Erik Cernak.
7:58 of 3rd period - Stopped by Darcy Kuemper without a rebound.
7:59 of 3rd period - Gabriel Vilardi wins face-off versus Arthur Kaliyev in Cunts zone.
8:10 of 3rd period - Keegan Kolesar is hit by Clayton Keller.
8:21 of 3rd period - Icing by Jack Hughes.
8:22 of 3rd period - Bo Horvat wins face-off versus Clayton Keller in Aces zone.
8:26 of 3rd period - Minor Penalty to Bo Horvat for Tripping.
8:27 of 3rd period - Carter Verhaeghe wins face-off versus Artemi Panarin in Cunts zone.
8:43 of 3rd period - Shot by Jordan Kyrou.
8:43 of 3rd period - Deflect By Carter Verhaeghe.
8:43 of 3rd period - Stopped by Darcy Kuemper without a rebound.
8:44 of 3rd period - Jordan Kyrou wins face-off versus Artemi Panarin in Cunts zone.
9:01 of 3rd period - Shot by Clayton Keller.
9:01 of 3rd period - Stopped by Darcy Kuemper without a rebound.
9:02 of 3rd period - Charlie Coyle wins face-off versus Artemi Panarin in Cunts zone.
9:05 of 3rd period - Shot by Carter Verhaeghe.
9:05 of 3rd period - Stopped by Darcy Kuemper without a rebound.
9:06 of 3rd period - Jordan Kyrou wins face-off versus Artemi Panarin in Cunts zone.
9:21 of 3rd period - Shot by Jack Hughes.
9:21 of 3rd period - Stopped by Darcy Kuemper without a rebound.
9:22 of 3rd period - Carter Verhaeghe wins face-off versus Artemi Panarin in Cunts zone.
9:32 of 3rd period - Icing by Ryan McDonagh.
9:33 of 3rd period - Carter Verhaeghe wins face-off versus Artemi Panarin in Aces zone.
9:40 of 3rd period - Shot by Lee Mack.
9:40 of 3rd period - Shot Misses the Net.
10:00 of 3rd period - Shot by Ryan McDonagh.
10:00 of 3rd period - Shot Misses the Net.
10:08 of 3rd period - Shot by Jordan Kyrou.
10:08 of 3rd period - Stopped by Darcy Kuemper without a rebound.
10:09 of 3rd period - Robby Fabbri wins face-off versus Andre Burakovsky in Cunts zone.
10:09 of 3rd period - Clayton Keller is hit by Justin Holl and loses puck.
10:39 of 3rd period - Shot by Ross Colton.
10:39 of 3rd period - Shot Blocked by Jake McCabe.
10:41 of 3rd period - Shot by Ross Colton.
10:41 of 3rd period - Shot Misses the Net.
11:34 of 3rd period - Shot by Thomas Chabot.
11:34 of 3rd period - Shot Misses the Net.
11:41 of 3rd period - Jonathan Drouin is hit by Thomas Chabot and loses puck.
11:55 of 3rd period - Minor Penalty to Thomas Chabot for Hooking.
11:56 of 3rd period - Bo Horvat wins face-off versus Clayton Keller in Aces zone.
12:09 of 3rd period - Shot by Andre Burakovsky.
12:09 of 3rd period - Shot Blocked by Lee Mack.
12:11 of 3rd period - Shot by Tyler Myers.
12:11 of 3rd period - Shot Blocked by Lee Mack.
12:13 of 3rd period - Shot by Bo Horvat.
12:13 of 3rd period - Stopped by Carter Hart without a rebound.
12:14 of 3rd period - Bo Horvat wins face-off versus Clayton Keller in Aces zone.
12:45 of 3rd period - Shot by Artemi Panarin.
12:45 of 3rd period - Shot Misses the Net.
13:15 of 3rd period - Shot by Gabriel Vilardi.
13:15 of 3rd period - Stopped by Carter Hart without a rebound.
13:16 of 3rd period - Bo Horvat wins face-off versus Victor Olofsson in Aces zone.
13:27 of 3rd period - Shot by Bo Horvat.
13:27 of 3rd period - Shot Hit the Post.
13:35 of 3rd period - Shot by Justin Holl.
13:35 of 3rd period - Stopped by Carter Hart with a rebound.
13:37 of 3rd period - Shot by Justin Holl.
13:37 of 3rd period - Stopped by Carter Hart without a rebound.
13:38 of 3rd period - Gabriel Vilardi wins face-off versus Clayton Keller in Aces zone.
13:45 of 3rd period - Shot by Andrew Peeke.
13:45 of 3rd period - Stopped by Carter Hart with a rebound.
13:58 of 3rd period - Icing by Jake McCabe.
13:59 of 3rd period - Ross Colton wins face-off versus Luke Glendening in Cunts zone.
14:36 of 3rd period - Minor Penalty to Luke Glendening for Diving.
14:37 of 3rd period - Carter Verhaeghe wins face-off versus Artemi Panarin in Cunts zone.
14:42 of 3rd period - Shot by Lee Mack.
14:42 of 3rd period - Stopped by Darcy Kuemper without a rebound.
14:43 of 3rd period - Carter Verhaeghe wins face-off versus Artemi Panarin in Cunts zone.
15:13 of 3rd period - Shot by Lee Mack.
15:13 of 3rd period - Stopped by Darcy Kuemper with a rebound.
15:15 of 3rd period - Shot by Jordan Kyrou.
15:15 of 3rd period - Shot Misses the Net.
15:17 of 3rd period - Shot by Erik Cernak.
15:17 of 3rd period - Shot Blocked by Luke Schenn.
15:23 of 3rd period - Shot by Lee Mack.
15:23 of 3rd period - Stopped by Darcy Kuemper without a rebound.
15:24 of 3rd period - Jordan Kyrou wins face-off versus Andre Burakovsky in Cunts zone.
17:04 of 3rd period - Shot by Blake Wheeler.
17:04 of 3rd period - Stopped by Carter Hart without a rebound.
17:05 of 3rd period - Gabriel Vilardi wins face-off versus Arthur Kaliyev in Aces zone.
17:10 of 3rd period - Shot by Brock Boeser.
17:10 of 3rd period - Stopped by Carter Hart without a rebound.
17:11 of 3rd period - Gabriel Vilardi wins face-off versus Arthur Kaliyev in Aces zone.
17:11 of 3rd period - Brock Boeser is hit by Dante Fabbro and loses puck.
17:27 of 3rd period - Minor Penalty to Dante Fabbro for Hooking.
17:28 of 3rd period - Bo Horvat wins face-off versus Clayton Keller in Aces zone.
17:29 of 3rd period - Shot by Artemi Panarin.
17:29 of 3rd period - Stopped by Carter Hart without a rebound.
17:30 of 3rd period - Bo Horvat wins face-off versus Clayton Keller in Aces zone.
17:57 of 3rd period - Bo Horvat is hit by Erik Cernak and loses puck.
18:04 of 3rd period - Shot by Artemi Panarin.
18:04 of 3rd period - Shot Blocked by Erik Cernak.
18:42 of 3rd period - Shot by Tyler Myers.
18:42 of 3rd period - Stopped by Carter Hart with a rebound.
18:44 of 3rd period - Shot by Keegan Kolesar.
18:44 of 3rd period - Shot Misses the Net.
19:06 of 3rd period - Shot by Artemi Panarin.
19:06 of 3rd period - Stopped by Carter Hart with a rebound.
19:08 of 3rd period - Shot by Andrew Peeke.
19:08 of 3rd period - Stopped by Carter Hart without a rebound.
19:09 of 3rd period - Bo Horvat wins face-off versus Clayton Keller in Aces zone.
19:20 of 3rd period - Shot by Andre Burakovsky.
19:20 of 3rd period - Stopped by Carter Hart without a rebound.
19:21 of 3rd period - Clayton Keller wins face-off versus Keegan Kolesar in Aces zone.
19:29 of 3rd period - Blake Wheeler is hit by Carter Verhaeghe and loses puck.
19:47 of 3rd period - Carter Verhaeghe is hit by Dylan DeMelo and loses puck.
19:56 of 3rd period - Shot by Jordan Kyrou.
19:56 of 3rd period - Shot Hit the Post.
Goals for this period are 1 for Cunts vs 0 for Aces.
Shots for this period are 15 for Cunts vs 12 for Aces.